 Dungeon Crawl Stone Soup version 0.29-a0-284-gf9362112df (webtiles) character file.

Game seed: 4062974808419953942

61 ders the Magician (level 4, -2/27 HPs)
             Began as a Djinni Fire Elementalist on Mar 24, 2022.
             Killed by divine providence
             ... invoked by an orc priest
              (10 damage)
             ... on level 3 of the Dungeon.
             The game lasted 00:02:05 (2767 turns).

ders the Magician (Djinni Fire Elementalist)        Turns: 2767, Time: 00:02:06

Health: -2/27      AC:  2    Str:  7    XL:     4   Next: 27%
Gold:   129        EV: 12    Int: 18    God:
                   SH:  0    Dex: 14

rFire   + + .      SeeInvis .   (no weapon)
rCold   x . .      Faith    .   (no shield)
rNeg    . . .      Spirit   .   a - +0 robe
rPois   ∞          Reflect  .   (no helmet)
rElec   .          Harm     .   (no cloak)
rCorr   .          Rampage  .   (no gloves)
Will    .....                   (boots unavailable)
Stlth   ++........              (no amulet)
HPRegen 0.09/turn               (no ring)
MPRegen 0.00/turn               (no ring)

@: mighty, flying, hasted, unable to read, very quick
A: sickness immunity, fire resistance 2, cold vulnerability 1, float, innate
caster, HP casting, extra vitality 1, frail 1, inability to read while
threatened
a: no special abilities


You were on level 3 of the Dungeon.
You visited 1 branch of the dungeon, and saw 3 of its levels.

You collected 129 gold pieces.

Inventory:

Missiles
 h - 80 stones
Armour
 a - a +0 robe (worn)
Wands
 j - a wand of flame (23)
Scrolls
 e - 5 scrolls of identify {unknown}
 f - 2 scrolls of amnesia {unknown}
 g - a scroll of enchant armour {unknown}
 l - a scroll of vulnerability {unknown}


   Skills:
 - Level 2.4 Dodging
 - Level 1.9 Stealth
 + Level 3.5 Spellcasting


You couldn't memorise any spells.
You knew the following spells:

 Your Spells              Type           Power      Damage    Failure   Level
a - Foxfire               Conj/Fire      64%        2x1d7     3%          1
b - Scorch                Fire           32%        2d7       5%          2
c - Conjure Flame         Conj/Fire      16%        6-21      11%         3
d - Inner Flame           Hex/Fire       16%        N/A       11%         3
e - Flame Wave            Conj/Fire      16%        2d6       34%         4
f - Apportation           Tloc           32%        N/A       3%          1
Your spell library was empty.

Dungeon Overview and Level Annotations

Branches:
Dungeon (3/15)

Altars:


Innate Abilities, Weirdness & Mutations

You are immune to sickness and miasma.
You are immune to poison.
Your flesh is very heat resistant. (rF++)
You are vulnerable to cold. (rC-)
You float through the air rather than walking.
You learn spells naturally, not from books.
Your magical power is your life essence.
You have superior vitality. (+4 MHP)
You are frail. (-10% HP)
You sometimes lose the ability to read scrolls when taking damage.


Message History

Unknown command.
The orc priest begins to cast a cantrip, but forgets the words!
You see here a jackal corpse.
It was a potion of flight.
You feel more buoyant. The orc priest hits you with a +0 club.
* * * LOW HITPOINT WARNING * * *
It was a potion of might.
You feel very mighty all of a sudden.
The orc priest mumbles some strange prayers to Beogh against you.
Pain shoots through your body!
* * * LOW HITPOINT WARNING * * *
The orc priest closely misses you.
It was a potion of haste.
You feel yourself speed up. The orc priest completely misses you.
The orc priest begins to cast a cantrip, but forgets the words!
It was a potion of curing.
You feel better.
It was a potion of mutation.
You feel extremely strange.
You feel frail.
You lose the ability to read scrolls when threatened.
The orc priest misses you.
The orc priest casts a cantrip, but nothing happens.
Casting: Foxfire (safe; 3% risk of failure)
Confirm with . or Enter, or press ? or * to list all spells.
You conjure some foxfire!
The orc priest casts a cantrip, but nothing happens.
The orc priest hits you with a +0 club.
You feel threatened and lose the ability to read scrolls!
The foxfire hits the orc priest.
The orc priest is almost dead.
The foxfire hits the orc priest.
The orc priest is lightly wounded.
Unknown command.
Casting: Foxfire (safe; 3% risk of failure)
Confirm with . or Enter, or press ? or * to list all spells.
You conjure some foxfire!
* * * LOW HITPOINT WARNING * * *
The orc priest calls down the wrath of Beogh upon you.
Beogh smites you!
You die...

#.# #.........# #.# ##'#####
#.........# #.# #......#
#.........#########.# #......#
#...................####
#......##########)#########..##..
#......##..........# #.........
#.[....''..........# #.........
#......##.......ov.# #.........
#......##.......@v)# ####.†##..
.......##########o## #...†..
.......# #.# ##.##†. ...##### #.#
##.##.. ... ... ........ .. †..
....#### #.... ##### # +..⌠. #
...... #


You could see 2 orc priests.

Vanquished Creatures
  An adder (D:2)
  A worm (D:1)
  2 dart slugs (D:1)
  3 orcs (D:3)
  2 endoplasms (D:1)
  A giant cockroach (D:3)
  2 hobgoblins
  2 jackals (D:3)
  3 kobolds
  4 quokkas
  5 ball pythons
  4 bats
  3 frilled lizards
  3 goblins
  5 rats
41 creatures vanquished.

Vanquished Creatures (collateral kills)
  A foxfire (D:2)
1 creature vanquished.

Vanquished Creatures (others)
  176 foxfires
176 creatures vanquished.

Grand Total: 218 creatures vanquished

Notes
Turn   | Place    | Note
-------+----------+-------------------------------------------
     0 | D:1      | ders the Djinni Fire Elementalist began the quest for the
                  | Orb.
     0 | D:1      | Reached XP level 1. HP: 15/15 MP: 0/0
   208 | D:1      | Reached XP level 2. HP: 14/21 MP: 0/0
   676 | D:1      | Found a faded altar of an unknown god.
  1210 | D:1      | Reached XP level 3. HP: 21/25 MP: 0/0
  1210 | D:1      | Learned a level 1 spell: Apportation
  1496 | D:2      | Reached skill level 3 in Spellcasting
  2551 | D:3      | Reached XP level 4. HP: 30/31 MP: 0/0
  2764 | D:3      | Gained mutation: You are frail. (-10% HP) [potion of
                  | mutation]
  2764 | D:3      | Gained mutation: You sometimes lose the ability to read
                  | scrolls when taking damage. [potion of mutation]
  2767 | D:3      | Killed from afar by an orc priest

Illustrated notes

Levels and vault maps discovered:
D:1:      dpeg_arrival_brainrot, layout_basic, shapermc_ecumenical_altar_pompeii
D:2:      layout_basic
D:3:      layout_basic, grunt_ministairs_3, minivault_26, solitary_fountain

Skill      XL: |  1  2  3 |
---------------+----------+-----
Spellcasting   | 3 |  3.5
Dodging        | |  2.4
Stealth        | |  1.9

Action                   |  1- 3 |  4- 6 || total
-------------------------+-------+-------++-------
 Cast: Foxfire           |    87 |    20 ||   107
  Use: Potion            |       |     5 ||     5
Armor: Robe              |     3 |     4 ||     7
Dodge: Dodged            |    13 |    15 ||    28

Table legend: (Time is in decaauts)
 A = Elapsed time spent in this place.
 B = Non-inter-level travel time spent in this place.
 C = Inter-level travel time spent in this place.
 D = Time resting spent in this place.
 E = Time spent auto-exploring this place.
 F = Levels seen in this place.
 G = Mean time per level.
                   A        B        C        D        E       F      G
               +--------+--------+--------+--------+--------+-----+--------+
         Total |   2765 |   2683 |     82 |      0 |   2379 |   3 |  921.7 |
       Dungeon |   2765 |   2683 |     82 |      0 |   2379 |   3 |  921.7 |
               +--------+--------+--------+--------+--------+-----+--------+

Top non-repeatable levels by time:
     D:1: 1448 daAuts
     D:2: 1017 daAuts
     D:3: 299 daAuts
